 Dungeon Crawl Stone Soup version 0.21.1-1-g345015fe64 (webtiles) character file.

149 Nattfarinn the Poker (level 5, -3/42 HPs)
             Began as a Merfolk Berserker on May 8, 2018.
             Was a Priest of Trog.
             Slain by a gnoll
             ... wielding a +0 halberd
              (8 damage)
             ... on level 3 of the Dungeon.
             The game lasted 00:04:54 (2133 turns).

Nattfarinn the Poker (Merfolk Berserker)            Turns: 2133, Time: 00:04:55

Health: -3/42      AC:  3    Str: 17    XL:     5   Next: 31%
Magic:  5/5        EV: 14    Int:  6    God:    Trog [***...]
Gold:   61         SH:  0    Dex: 13    Spells: 4/4 levels left

rFire    . . .     SeeInvis .   a - +0 spear
rCold    . . .     Gourm    +   (no shield)
rNeg     . . .     Faith    .   b - +0 animal skin
rPois    .         Spirit   .   o - +0 helmet
rElec    .         Reflect  .   (no cloak)
rCorr    .         Harm     .   (no gloves)
MR       ++...                  (no boots)
Stlth    +.........             e - amulet of the gourmand
HPRegen  1.14/turn              p - -2 ring of dexterity (curse)
MPRegen  0.09/turn              (no ring)

@: berserk cooldown, regenerating, slowed, very slow
A: change form in water, swift swim, stealthy swim
a: Berserk, Trog's Hand, Burn Spellbooks, Renounce Religion


You were on level 3 of the Dungeon.
You worshipped Trog.
Trog was most pleased with you.
You were very full.

You visited 1 branch of the dungeon, and saw 3 of its levels.

You collected 61 gold pieces.

Inventory:

Hand Weapons
 a - a +0 spear (weapon)
Armour
 b - a +0 animal skin (worn)
 o - a +0 helmet (worn)
Jewellery
 e - an amulet of the gourmand (around neck)
 i - an uncursed ring of protection from magic
 p - a cursed -2 ring of dexterity (left hand)
Scrolls
 f - a scroll of enchant weapon {unknown}
 j - a scroll of identify
Potions
 d - a potion of invisibility {unknown}
 h - a potion of haste {unknown}
 n - a potion of resistance {unknown}
Comestibles
 c - 9 rations
 g - 3 chunks of flesh


   Skills:
 + Level 4.1 Fighting
 * Level 6.4 Polearms
 - Level 1.3 Armour
 * Level 4.8 Dodging


You had 4 spell levels left.
You didn't know any spells.

Dungeon Overview and Level Annotations

Branches:
Dungeon (3/15)

Altars:
Gozag


Message History

The gnoll closely misses you. The gnoll barely misses you.
The gnoll hits you from afar with a spear!
The gnoll barely misses you.
The gnoll hits you from afar with a spear.
You feel the effects of Trog's Hand fading.
The gnoll closely misses you. The gnoll hits you with a spear.
The gnoll hits you from afar with a halberd.
You hit the gnoll but do no damage. The gnoll hits you with a spear.
The gnoll closely misses you.
You hit the gnoll but do no damage. The gnoll hits you with a spear.
* * * LOW HITPOINT WARNING * * *
The gnoll hits you from afar with a halberd!
* * * LOW HITPOINT WARNING * * *
The gnoll closely misses you.
You hit the gnoll.
The gnoll is moderately wounded.
The gnoll hits you from afar with a halberd!
You die...

!...#.#
##########
....#.#
#..g.....#
....#.#
#.####.###
....#.# #.#
#g# ....#.#
#g# #g#
....#.# #.#
#@# #
#)#.#####.#
#.#
#.#....g....#
#.#
..###.#######
#.# ......#
#.# .######
#.# ... #.#
#.# #.#


You could see 2 gnolls.

Vanquished Creatures
  3 gnolls (D:3)
  3 adders
  2 oozes
  2 worms
  2 leopard geckos
  An orc (D:3)
  2 giant cockroaches
  10 hobgoblins
  3 jackals (D:2)
  11 kobolds
  A quokka (D:3)
  A ball python (D:1)
  15 bats
  4 frilled lizards
  10 goblins
  8 rats
78 creatures vanquished.

Notes
Turn   | Place    | Note
-------+----------+-------------------------------------------
     0 | D:1      | Nattfarinn the Merfolk Berserker began the quest for the Orb.
     0 | D:1      | Reached XP level 1. HP: 18/18 MP: 1/1
   169 | D:1      | Reached XP level 2. HP: 11/24 MP: 2/2
   508 | D:1      | Reached ** piety under Trog
   618 | D:1      | Reached skill level 5 in Polearms
   742 | D:2      | Reached XP level 3. HP: 25/29 MP: 3/3
   791 | D:2      | HP: 2/45 [poisoned by an adder]
   972 | D:2      | Reached XP level 4. HP: 37/37 MP: 4/4
  1175 | D:2      | Reached *** piety under Trog
  1780 | D:3      | Found an opulent altar of Gozag.
  1785 | D:3      | Reached skill level 6 in Polearms
  1858 | D:3      | Reached XP level 5. HP: 22/42 MP: 5/5
  2133 | D:3      | Slain by a gnoll

Skill      XL: |  1  2  3  4 |
---------------+-------------+-----
Dodging        | 3 4 |  4.8
Polearms       | 5 6 |  6.4
Fighting       | 4 |  4.1
Armour         | |  1.3

Action                   |  1- 3 |  4- 6 || total
-------------------------+-------+-------++-------
Melee: Spear             |   136 |   153 ||   289
Invok: Berserk           |     1 |     2 ||     3
       Trog's Hand       |     1 |     2 ||     3
  Use: Scroll            |       |     5 ||     5
 Stab: Sleeping          |     3 |     1 ||     4
  Eat: Chunk             |    12 |     5 ||    17
Armor: Animal skin       |    20 |    12 ||    32
Dodge: Dodged            |    69 |    68 ||   137
